 Dungeon Crawl Stone Soup version 0.28-a0-724-g66f9036eb4 (webtiles) character file.

Game seed: 3639549219824448631

281 KoroneIsBestGirl the Shield-Bearer (level 6, -7/56 HPs)
             Began as a Minotaur Fighter on Oct 26, 2021.
             Was a Believer of Dithmenos.
             Mangled by a black bear (8 damage)
             ... on level 4 of the Dungeon.
             The game lasted 00:02:07 (2408 turns).

KoroneIsBestGirl the Shield-Bearer (MiFi)           Turns: 2408, Time: 00:02:08

Health: -7/56      AC:  7    Str: 23    XL:     6   Next: 6%
Magic:  5/5        EV:  9    Int:  5    God:    Dithmenos [**....]
Gold:   146        SH:  4    Dex:  9    Spells: 5/5 levels left

rFire   . . .      SeeInvis .   a - +0 trident
rCold   . . .      Faith    .   c - +0 buckler
rNeg    . . .      Spirit   .   b - +0 scale mail
rPois   .          Reflect  .   (helmet restricted)
rElec   .          Harm     .   (no cloak)
rCorr   .          Rampage  .   (no gloves)
Will    .....                   (no boots)
Stlth   ..........              (no amulet)
HPRegen 0.18/turn               (no ring)
MPRegen 0.09/turn               (no ring)

@: mighty, wreathed by umbra
A: horns 2, retaliatory headbutt
a: Renounce Religion, Shadow Step


You were on level 4 of the Dungeon.
You worshipped Dithmenos.
Dithmenos was pleased with you.
You visited 1 branch of the dungeon, and saw 5 of its levels.

You collected 146 gold pieces.

Inventory:

Hand Weapons
 a - a +0 trident (weapon)
Armour
 b - a +0 scale mail (worn)
 c - a +0 buckler (worn)
Jewellery
 g - a ring of wizardry
Scrolls
 f - a scroll of identify {unknown}
 i - 2 scrolls of immolation {unknown}
 k - a scroll of noise {unknown}
 o - 3 scrolls of teleportation {unknown}
 q - a scroll of blinking {unknown}
Potions
 e - a potion of attraction {unknown}
 h - 2 potions of invisibility {unknown}
 j - a potion of heal wounds {unknown}
 l - a potion of curing {unknown}
 m - a potion of brilliance {unknown}
 n - a potion of haste {unknown}
 p - a potion of berserk rage {unknown}


   Skills:
 + Level 5.1 Fighting
 + Level 4.3 Polearms
 + Level 5.1 Armour
 + Level 5.2 Shields


You had 5 spell levels left.
You didn't know any spells.
Your spell library contained the following spells:

 Spells                   Type           Power      Damage    Failure   Level
 Tukima's Dance           Hex            0%         N/A       98%         3
 Passage of Golubria      Tloc           0%         N/A       100%        4
 Yara's Violent Unravell  Hex/Tmut       0%         3d3       100%        5


Dungeon Overview and Level Annotations

Branches:
Dungeon (5/15)
 Temple: D:4-7

Altars:
Dithmenos

Shops:
D:5 ?


Innate Abilities, Weirdness & Mutations

You have a pair of horns on your head.
You reflexively headbutt those who attack you in melee.


Message History

You are too injured to fight recklessly!
You are too injured to fight recklessly!
You are too injured to fight recklessly!
You are too injured to fight recklessly!
You are too injured to fight recklessly!
You are too injured to fight recklessly!
You are too injured to fight recklessly!
You are too injured to fight recklessly!
You are too injured to fight recklessly!
You are too injured to fight recklessly!
You are too injured to fight recklessly!
You are too injured to fight recklessly!
You are too injured to fight recklessly!
You are too injured to fight recklessly!
You are too injured to fight recklessly!
You are too injured to fight recklessly!
You are too injured to fight recklessly!
You are too injured to fight recklessly!
You closely miss the black bear.
The black bear is severely wounded.
The black bear bites you!
* * * LOW HITPOINT WARNING * * *
The black bear claws you.
* * * LOW HITPOINT WARNING * * *
The black bear claws you.
* * * LOW HITPOINT WARNING * * *
An adder comes into view.
You feel very mighty all of a sudden. The black bear bites you.
* * * LOW HITPOINT WARNING * * *
The black bear claws you but does no damage.
The black bear claws you.
* * * LOW HITPOINT WARNING * * *
You block the black bear's attack. The black bear completely misses you.
The black bear claws you.
* * * LOW HITPOINT WARNING * * *
You barely miss the black bear.
The black bear is severely wounded.
The black bear bites you!
You die...

#.#.#.....#####.#. #.
..............<###
##.##.#.#.....##..## #
#...#.#.##...###.#.###
###...#.#.##...###.##.#.
#.......#........#.##...
.[......#..........##.#.
#.......#........####.#.
#...h@....S..### #.#.
#?..######...# #.#. ###
##.## #.#. .# #.#. ..
.... .


You could see a black bear (berserk) and an adder.

Vanquished Creatures
  A black bear (D:5)
  A hound (D:4)
  An iguana (D:5)
  4 gnolls (D:2)
  3 adders
  A worm (D:2)
  2 dart slugs (D:2)
  6 bats
  4 endoplasms
  2 giant cockroaches (D:3)
  7 goblins
  4 hobgoblins
  5 jackals (D:3)
  6 kobolds
  4 quokkas
  5 ball pythons
  A frilled lizard (D:2)
  7 rats
64 creatures vanquished.

Notes
Turn   | Place    | Note
-------+----------+-------------------------------------------
     0 | D:1      | KoroneIsBestGirl the Minotaur Fighter began the quest for
                  | the Orb.
     0 | D:1      | Reached XP level 1. HP: 19/19 MP: 0/0
   111 | D:1      | Reached XP level 2. HP: 27/27 MP: 1/1
   603 | D:1      | Found a faded altar of an unknown god.
   606 | D:1      | Prayed at the altar of an unknown god.
   606 | D:1      | Became a worshipper of Dithmenos the Shadowed
   606 | D:1      | Reached * piety under Dithmenos
   847 | D:2      | Reached XP level 3. HP: 33/33 MP: 2/2
  1233 | D:2      | Reached XP level 4. HP: 34/41 MP: 3/3
  1406 | D:2      | Reached ** piety under Dithmenos
  2284 | D:3      | You fall into a shaft and drop 2 floors!
  2284 | D:5      | Entered Level 5 of the Dungeon
  2290 | D:5      | Noticed a black bear
  2298 | D:5      | Killed a black bear
  2299 | D:5      | Reached skill level 5 in Shields
  2299 | D:5      | Reached XP level 5. HP: 43/47 MP: 4/4
  2338 | D:5      | Found Zuyrus's Magic Scroll Emporium.
  2352 | D:5      | Reached skill level 5 in Fighting
  2352 | D:5      | Reached skill level 5 in Armour
  2363 | D:4      | Reached XP level 6. HP: 56/56 MP: 5/5
  2407 | D:4      | HP: 1/56 [black bear (3)]
  2408 | D:4      | Mangled by a black bear

Illustrated notes

Levels and vault maps discovered:
D:1:      mainiacjoe_arrival_reflecting_pool, layout_rooms,
          shapermc_ecumenical_altar_mp_vishouse, minmay_octomino_e4
D:2:      kennysheep_six_static_rooms, layout_loops_ring, kennysheep_path_1
D:3:      layout_basic
D:4:      layout_loops_ring, temple_doors_e
D:5:      minmay_chambers_of_threes, layout_basic, marbit_many_paths,
          serial_shops, shop, minmay_curled_crystal, corexii_shack, uniq_pikel

Skill      XL: |  1  2  3  4  5 |
---------------+----------------+-----
Shields        | 4 5 |  5.2
Fighting       | 4 5 |  5.1
Armour         | 4 5 |  5.1
Polearms       | 3 4 |  4.3

Action                   |  1- 3 |  4- 6 || total
-------------------------+-------+-------++-------
Melee: Trident           |    96 |    97 ||   193
       Headbutt          |     9 |    13 ||    22
  Use: Potion            |       |     1 ||     1
Armor: Scale mail        |    31 |    40 ||    71
Dodge: Dodged            |    42 |    41 ||    83
Block: Buckler           |    20 |    20 ||    40

Table legend: (Time is in decaauts)
 A = Elapsed time spent in this place.
 B = Non-inter-level travel time spent in this place.
 C = Inter-level travel time spent in this place.
 D = Time resting spent in this place.
 E = Time spent auto-exploring this place.
 F = Levels seen in this place.
 G = Mean time per level.
                   A        B        C        D        E       F      G
               +--------+--------+--------+--------+--------+-----+--------+
         Total |   2434 |   2373 |     61 |    309 |   1633 |   5 |  486.8 |
       Dungeon |   2434 |   2373 |     61 |    309 |   1633 |   5 |  486.8 |
               +--------+--------+--------+--------+--------+-----+--------+

Top non-repeatable levels by time:
     D:2: 1072 daAuts
     D:1: 646 daAuts
     D:3: 589 daAuts
     D:5: 74 daAuts
     D:4: 51 daAuts
